Cogmind - Beta 14 @@@ ROGUE MODE // 2024.10.21 @ 13:17:56 Player: Some Pennies Result: Destroyed by D-53 Grenadier with Mini Grenade Launcher Performance ------------- Evolutions (0) 0 Regions Visited (4) 800 Robots Destroyed (59) 295 Value Destroyed (996) 996 Prototype IDs (25) 500 Alien Tech Used (0) 0 Bonus (41) 41 TOTAL SCORE: 2632 Bonus ------- Follower Combat Kills 50 Friendly Fire -9 Cogmind --------- Core Integrity 0/250 Matter 281/300 Energy 265/265 System Corruption 0% Temperature Cool (0) Movement Treading (240) Ox1 Location -9/Mines Parts ------- > --- POWER (1) -------- Improved Ion Engine > --- PROPULSION (2) --- Light Treads Improved Treads > --- UTILITY (2) ------ High-capacity Storage Unit > --- WEAPON (2) ------- Heavy Assault Rifle Makeshift Shrapnel Gun > --- INVENTORY (20) --- Light Treads Light Treads Improved Treads Improved Treads Improved Heat Sink Medium Storage Unit Machine Analyzer Seismic Detector Transport Network Coupler ECM Suite Makeshift Hacking Suite Makeshift System Shield Heavy Assault Rifle Makeshift Shrapnel Gun Grenade Launcher Rocket Launcher Makeshift Spear Deploy-a-Sentry Deploy-a-Sentry Peak State ------------ > --- POWER ------------ Improved Ion Engine > --- PROPULSION ------- Light Treads Improved Treads > --- UTILITY ---------- High-capacity Storage Unit Light Armor Plating > --- WEAPON ----------- Heavy Assault Rifle Makeshift Shrapnel Gun > --- INVENTORY -------- Light Treads Light Treads Improved Treads Improved Treads Improved Heat Sink Medium Storage Unit Machine Analyzer Seismic Detector Transport Network Coupler ECM Suite Makeshift Hacking Suite Makeshift System Shield Heavy Assault Rifle Makeshift Shrapnel Gun Grenade Launcher Rocket Launcher Makeshift Spear Deploy-a-Sentry Deploy-a-Sentry Deploy-a-Sentry [Rating: 18] Favorites ----------- Power Improved Ion Engine Engine Improved Ion Engine Propulsion Light Treads Treads Light Treads Utility Large Storage Unit Device Improved Terrain Scanner Storage Large Storage Unit Protection Core Shielding Weapon Heavy Assault Rifle Energy Gun Medium Laser Ballistic Gun Heavy Assault Rifle Launcher Rocket Launcher Special Weapon Mining Laser Build | -11 -10 -10 -10 -9 ------- Run | Yrd Mat Min Exi Min Slots Evolved . | . . . . . Power . | . . . . . Propulsion . | . . . . . Utility . | . . . . . Weapon . | . . . . . Parts Attached 42 | 8 19 8 5 2 Power 4 | 1 2 . 1 . Engine 4 | 1 2 . 1 . Core . | . . . . . Reactor . | . . . . . Propulsion 9 | 2 5 . 2 . Treads 9 | 2 5 . 2 . Leg . | . . . . . Wheel . | . . . . . Hover . | . . . . . Flight . | . . . . . Utility 10 | 2 6 1 1 . Device 1 | 1 . . . . Storage 4 | 1 2 . 1 . Processor . | . . . . . Hackware . | . . . . . Protection 5 | . 4 1 . . Artifact . | . . . . . Weapon 19 | 3 6 7 1 2 Energy Gun 3 | 1 2 . . . Energy Cannon . | . . . . . Ballistic Gun 11 | 2 3 4 1 1 Ballistic Cannon . | . . . . . Launcher 2 | . . 1 . 1 Special Weapon 3 | . 1 2 . . Impact Weapon . | . . . . . Slashing Weapon . | . . . . . Piercing Weapon . | . . . . . Special Melee Weapon . | . . . . . Unidentified Prototypes . | . . . . . Parts Lost 2 | . 1 . . 1 Power . | . . . . . Propulsion . | . . . . . Utility 2 | . 1 . . 1 Weapon . | . . . . . Highest Loss Streak 1 | . 1 . . 1 To Critical Strikes . | . . . . . Average Slot Usage (%) 99 | . 99 100 100 99 Engine 14 | . 14 14 14 14 Treads 28 | . 28 28 28 28 Storage 14 | . 14 14 14 14 Protection 13 | . 13 14 14 13 Energy Gun 1 | . 3 . . . Ballistic Gun 25 | . 24 26 28 27 Peak Build Rating 18 | 9 13 15 17 18 Average Rating 13 | 6 10 13 16 17 On Entrance 10 | . 9 13 15 17 Naked Turns . | . . . . . Heaviest Build 56 | 15 34 35 56 56 Greatest Support 43 | 40 43 43 43 43 Greatest Overweight (x) 4 | 4 . . 1 1 Average Overweight (x) . | . . . . 1 Largest Inventory Capacity 20 | 8 15 15 20 20 Average Capacity 14 | 7 12 15 17 20 Most Carried 20 | 4 15 15 20 20 Average Carried 13 | 1 11 14 17 19 Final Capacity 20 | 8 15 15 20 20 Final Carried 20 | 4 15 14 20 19 Class Distribution -------------------- 77% | Mutant 22% | Commander-Mutant Dominant Class ---------------- Mutant | -10/Materials Mutant | -10/Mines Commander-Mutant | -10/Exiles Commander-Mutant | -9/Mines Resources | -11 -10 -10 -10 -9 ----------- Run | Yrd Mat Min Exi Min Matter Collected 1327 | 325 528 338 80 56 Remotely . | . . . . . Salvage Created 2027 | 194 1018 562 102 151 Parts 144 | 15 70 46 6 7 Haulers Intercepted 2 | . 2 . . . Recyclers Shooed 2 | . 2 . . . Parts Field Recycled . | . . . . . Retrieved Matter . | . . . . . Parts Self-Destructed . | . . . . . Prevented . | . . . . . Kills | -11 -10 -10 -10 -9 ------- Run | Yrd Mat Min Exi Min Combat Hostiles Destroyed 30 | . 14 15 . 1 Guns 30 | . 14 15 . 1 Classes Destroyed 11 | 3 7 1 . . Worker 7 | 1 4 2 . . Builder 3 | . 1 1 . 1 Tunneler 8 | 4 . 4 . . Hauler 2 | . 2 . . . Recycler 5 | 1 3 . . 1 Mechanic 1 | . 1 . . . Operator 2 | . 2 . . . Watcher 2 | . 2 . . . Swarmer 11 | . 5 6 . . Grunt 18 | . 9 8 . 1 Assembled 1 | . . 1 . . Best Kill Streak 10 | 5 10 6 . 2 Combat Bots Only 7 | . 7 4 . 1 Max Kills in Single Turn 2 | 1 2 2 . 1 Gunslinging 1 | . 1 . . . Exploded . | . . . . . Melee . | . . . . . Uniques/NPCs Destroyed . | . . . . . Combat | -11 -10 -10 -10 -9 -------- Run | Yrd Mat Min Exi Min Hostile Shots Fired 167 | . 92 60 . 15 Missed 37 | . 19 15 . 3 Damage Taken 1615 | . 744 482 . 389 Core 253 | . 119 52 . 82 Absorbed by Shields . | . . . . . Redirected to Shielding 20 | . 10 10 . . Core Remaining (%) 100 | 100 . . . . Volleys Fired 148 | 14 82 40 3 9 Largest 2 | 2 2 2 2 2 Hottest 100 | 70 100 100 47 47 Shots Fired 290 | 28 161 77 6 18 Gun 285 | 28 159 74 6 18 Cannon . | . . . . . Launcher . | . . . . . Special 5 | . 2 3 . . Kinetic 236 | 17 121 74 6 18 Thermal 54 | 11 40 3 . . Explosive . | . . . . . Electromagnetic . | . . . . . Robot Hit Streak 11 | 3 11 6 3 4 Robot Miss Streak 9 | 2 3 4 . 9 Penetration Max . | . . . . . Secondary Targets 4 | . 3 1 . . Max Gunslinging Chain 1 | . 1 1 . . Shots Hit Robots 167 | 15 93 49 2 8 Core Hits 84 | 8 39 29 2 6 Critical Kills 1 | . . 1 . . Critical Parts Destroyed . | . . . . . Critical Strikes 5 | 1 3 1 . . Burn 4 | 1 3 . . . Destroy 1 | . . 1 . . Melee Attacks . | . . . . . Impact . | . . . . . Slashing . | . . . . . Piercing . | . . . . . Sneak Attacks . | . . . . . Combat Hostiles . | . . . . . Follow-up Attacks . | . . . . . Damage Inflicted 2650 | 184 1400 884 33 149 Guns 2650 | 184 1400 884 33 149 Cannons . | . . . . . Explosions . | . . . . . Melee . | . . . . . Ramming . | . . . . . Kinetic 2296 | 108 1122 884 33 149 Thermal 354 | 76 278 . . . Explosive . | . . . . . Electromagnetic . | . . . . . Impact . | . . . . . Slashing . | . . . . . Piercing . | . . . . . Highest Corruption . | . . . . . Average Corruption . | . . . . . Corruption Purged . | . . . . . Corruption Blocked . | . . . . . Overload Shots . | . . . . . Overflow Damage . | . . . . . Projectiles . | . . . . . Explosions . | . . . . . Melee . | . . . . . Knockbacks . | . . . . . Impact . | . . . . . Kinetic . | . . . . . Secondary . | . . . . . Self-Inflicted Damage . | . . . . . Shots . | . . . . . Rammed . | . . . . . Targets Rammed . | . . . . . Kicked . | . . . . . Crushed . | . . . . . Highest Temperature 90 | 63 90 24 . 20 Average Temperature 19 | 25 20 8 . 13 Received Heat Transfer 474 | . 309 135 . 30 Siege Activations . | . . . . . Robots Corrupted . | . . . . . Combat Hostiles . | . . . . . Parts Fried . | . . . . . Impact Corruptions . | . . . . . Robots Melted . | . . . . . Combat Hostiles . | . . . . . Parts Melted 2 | . 2 . . . Heat Transferred 1332 | 296 1036 . . . Parts Sabotaged . | . . . . . Parts Stolen . | . . . . . Parts Stripped . | . . . . . Power Chain Reactions . | . . . . . Alert | -11 -10 -10 -10 -9 ------- Run | Yrd Mat Min Exi Min Peak Influence 309 | 30 309 238 . 79 Initial 19 | . 19 18 . . Average 128 | 13 154 120 . 58 Maximum Alert Level 1 | . 1 1 . . Low Security (%) 72 | 100 64 75 . 100 Level 1 27 | . 35 24 . . Level 2 . | . . . . . Level 3 . | . . . . . Level 4 . | . . . . . Level 5 . | . . . . . High Security . | . . . . . Max Security . | . . . . . Squads Dispatched 3 | . 3 . . . Investigation 2 | . 2 . . . Extermination . | . . . . . Reinforcement 1 | . 1 . . . Assault . | . . . . . Garrison . | . . . . . Intercept . | . . . . . Searches Triggered . | . . . . . Construction Impeded . | . . . . . Haulers Reinforced . | . . . . . Active Scanning Responses . | . . . . . Cargo Convoy Interrupts . | . . . . . Stealth | -11 -10 -10 -10 -9 --------- Run | Yrd Mat Min Exi Min Distress Signals 3 | . 3 . . . Communications Jammed . | . . . . . Distress Signals . | . . . . . Times Spotted 48 | . 28 13 . 7 Peak Tracking Total 8 | . 8 4 . 3 Tactical Retreats 1 | . 1 . . . Traps | -11 -10 -10 -10 -9 ------- Run | Yrd Mat Min Exi Min Traps Triggered 3 | . 3 . . . Indirectly . | . . . . . Trap Hack Attempts . | . . . . . Triggered . | . . . . . Disarmed . | . . . . . Reprogrammed . | . . . . . Reused . | . . . . . Traps Extracted . | . . . . . Installed . | . . . . . Triggered . | . . . . . Machines | -11 -10 -10 -10 -9 ---------- Run | Yrd Mat Min Exi Min Machines Disabled 2 | . 2 . . . Max in Single Turn 1 | . 1 . . . Machines Repaired . | . . . . . Machines Dismantled . | . . . . . Machines Sabotaged . | . . . . . Overloaded Fab Kills . | . . . . . Hacking | -11 -10 -10 -10 -9 --------- Run | Yrd Mat Min Exi Min Machines Accessed 11 | . 8 1 2 . Terminals 6 | . 5 1 . . Fabricators . | . . . . . Repair Stations 1 | . 1 . . . Recycling Units 2 | . 2 . . . Scanalyzers . | . . . . . Garrison Access . | . . . . . Total Hacks 34 | . 28 2 4 . Successful 20 | . 16 . 4 . Failed 14 | . 12 2 . . Catastrophic 2 | . 2 . . . Database Lockouts . | . . . . . Manual 19 | . 16 2 1 . Terminals 23 | . 21 2 . . Fabricators . | . . . . . Repair Stations 2 | . 2 . . . Recycling Units 5 | . 5 . . . Scanalyzers . | . . . . . Garrison Access . | . . . . . Terminal Hacks 10 | . 6 . 4 . Record 3 | . . . 3 . Part Schematic 1 | . 1 . . . Robot Analysis 1 | . 1 . . . Prototype ID Bank 1 | . 1 . . . Branch Access Points 1 | . 1 . . . Unreport Threat 1 | . 1 . . . Locate Traps 1 | . 1 . . . Derelict Proto ID Bank 1 | . . . 1 . Fabricator Hacks . | . . . . . Repair Station Hacks 1 | . 1 . . . Scan Component 1 | . 1 . . . Recycling Unit Hacks 1 | . 1 . . . Retrieve Components 1 | . 1 . . . Scanalyzer . | . . . . . Garrison Access Hacks . | . . . . . Unauthorized Hacks 8 | . 8 . . . Terminals 6 | . 6 . . . Botnet 1 | . 1 . . . Skim 5 | . 5 . . . Fabricators . | . . . . . Repair Stations . | . . . . . Recycling Units 2 | . 2 . . . Tunnel 2 | . 2 . . . Scanalyzers . | . . . . . Garrison Access . | . . . . . Data Cores Recovered 1 | . 1 . . . Used . | . . . . . Hacking Detections 9 | . 8 1 . . Full Trace Events . | . . . . . Feedback Events . | . . . . . Feedback Blocked . | . . . . . Robot Schematics Acquired . | . . . . . Robots Built . | . . . . . Authchips . | . . . . . Time . | . . . . . Total Robot Build Rating . | . . . . . Part Schematics Acquired 1 | . 1 . . . Parts Built . | . . . . . Authchips . | . . . . . Time . | . . . . . Total Part Build Rating . | . . . . . Parts Repaired . | . . . . . Time . | . . . . . Parts Recycled . | . . . . . Recycled Matter . | . . . . . Retrieved Matter . | . . . . . Retrieved Components 9 | . 9 . . . Parts Scanalyzed . | . . . . . Part Schematics Acquired . | . . . . . Parts Damaged . | . . . . . Bothacking | -11 -10 -10 -10 -9 ------------ Run | Yrd Mat Min Exi Min Used RIF Installer . | . . . . . Robots Hacked . | . . . . . Non-combat . | . . . . . Combat . | . . . . . Robot Hacks Applied . | . . . . . Relay Couplers Released . | . . . . . Fabnet Peak Effective % . | . . . . . Robots Rewired 5 | . . . 5 . Allies Hacked . | . . . . . Hacks Repelled . | . . . . . Allies | -11 -10 -10 -10 -9 -------- Run | Yrd Mat Min Exi Min Total Allies 5 | . . . 5 . Largest Group 5 | . . . 5 5 Highest-Rated Group 66 | . . . 66 66 Highest-Rated Ally 21 | . . . 21 21 Total Orders . | . . . . . Ally Attacks 18 | . . . . 18 Total Damage 309 | . . . . 309 Kills 2 | . . . . 2 Allies Corrupted . | . . . . . Allies Melted . | . . . . . Turrets Deployed 1 | . . . . 1 Intel | -11 -10 -10 -10 -9 ------- Run | Yrd Mat Min Exi Min Robot Analysis Total 1 | . 1 . . . Derelict Logs Recovered 1 | . . 1 . . Drone Launches . | . . . . . Drone Recoveries . | . . . . . Exploration | -11 -10 -10 -10 -9 ------------- Run | Yrd Mat Min Exi Min Turns Passed 3774 | 157 1473 853 1086 205 Spaces Moved 1756 | 65 661 442 515 73 Core 10 | 10 . . . . Treads 1746 | 55 661 442 515 73 Legs . | . . . . . Wheels . | . . . . . Hover . | . . . . . Flight . | . . . . . Fastest Speed 50 | 50 160 160 160 240 Average Speed 174 | 155 160 160 197 240 Slowest Speed 250 | 250 160 160 240 240 Overloaded Moves . | . . . . . Propulsion Burnouts . | . . . . . Robots Hopped . | . . . . . Cave-ins Triggered . | . . . . . Exploration Rate (%) 57 | 4 84 83 92 24 Regions Visited 4 Branch Regions 3 Pre-discovered Areas 3 | . 2 . 1 . Known Exits Taken 2 | . 1 . 1 . Unknown Exits Taken 2 | 1 . 1 . . Scrap Searched 1 | . . 1 . . Spaces Dug 3 | . 2 1 . . Terrain Destroyed 5 | . 2 3 . . Melee . | . . . . . Projectile 5 | . 2 3 . . AOE . | . . . . . Terrain Rammed . | . . . . . Walls Destroyed . | . . . . . Machines Disabled . | . . . . . Actions | -11 -10 -10 -10 -9 --------- Run | Yrd Mat Min Exi Min Total 2177 | 90 916 503 583 85 Wait 122 | . 114 8 . . Move 1752 | 64 660 441 514 73 Hop . | . . . . . Pick Up 40 | 4 22 2 12 . Fast Attach 15 | 7 7 1 . . Attach 2 | . 1 1 . . Detach 1 | . 1 . . . Swap 25 | 1 11 6 5 2 Drop 31 | . 18 4 8 1 Fire 148 | 14 82 40 3 9 Melee . | . . . . . Ram . | . . . . . Kick . | . . . . . Crush . | . . . . . Escape Stasis . | . . . . . Rewire 41 | . . . 41 . Trap . | . . . . . Miscellaneous . | . . . . . Route ------- -11/Scrapyard -10/Materials (discovered 6 exits: *Mat x3 / *Min x2 / Sub) -10/Mines (discovered 3 exits: *Mat x2 / *Exi) -10/Exiles (discovered 2 exits: *Min x2) -9/Mines (discovered 1 exit: Mat) History --------- Turn | Location | Event 18 | -11/Scrapyard | Discovered new exit (range 15) 158 | -11/Scrapyard | Entered Materials 309 | -10/Materials | Build established: Mutant 493 | -10/Materials | Destroyed 7 combat bots 1043 | -10/Materials | Discovered new exit (range 12) 1144 | -10/Materials | Discovered new exit (range 16) 1213 | -10/Materials | Identified exit to Mines 1496 | -10/Materials | Identified exit to Subcaves 1496 | -10/Materials | Identified exit to Materials 1496 | -10/Materials | Learned location of 1 exit from Materials 1527 | -10/Materials | Learned location of 2 exits from Materials 1546 | -10/Materials | Learned Storage emergency access door positions 1555 | -10/Materials | Learned 4 Subcaves zone layouts 1562 | -10/Materials | Learned Storage trap positions 1631 | -10/Materials | Entered Mines 1640 | -10/Mines | Core integrity fell below 50% 1845 | -10/Mines | Learned location of 1 exit from Materials 1880 | -10/Mines | Received a Rocket Launcher from a helpful Derelict 1913 | -10/Mines | Deemed a non-threat by the Exiles lab entrance 1913 | -10/Mines | Discovered new exit (range 5) 2220 | -10/Mines | A weapon hastily lodged in a ceiling crevice suddenly fell to the ground 2289 | -10/Mines | Excavation squad dispatched 2289 | -10/Mines | A large section of the Mines collapsed 2484 | -10/Mines | Entered Exiles 2484 | -10/Exiles | Found Exiles lab destroyed 2485 | -10/Exiles | Identified exit to Mines 2703 | -10/Exiles | Opened EX-Vault 2706 | -10/Exiles | Found Deploy-a-Sentry 2713 | -10/Exiles | Found Deploy-a-Sentry 2716 | -10/Exiles | Found Deploy-a-Sentry 2848 | -10/Exiles | Learned location of Zion (-7) 3227 | -10/Exiles | Build established: Commander-Mutant 3570 | -10/Exiles | Entered Mines 3570 | -9/Mines | Accompanied by 5 allies 3571 | -9/Mines | Identified exit to Materials 3582 | -9/Mines | Met a Derelict bent on vengeance 3729 | -9/Mines | Assembled infested the area 3734 | -9/Mines | Assisted by a Guerilla fighting off Assembled 3769 | -9/Mines | DAS Turret deployed 3772 | -9/Mines | Core integrity fell below 20% 3775 | -9/Mines | Destroyed by D-53 Grenadier with Mini Grenade Launcher Last Messages --------------- 03761_ Slug penetrates C-30 ARC. 03762_ C-30 ARC bursts open, deploying its payload. 03762_ D-53 Grenadier unfolds itself. 03762_ KY-ESY(h) destroyed. 03762_ Commando 1b destroyed. 03762_ Acquired 20 matter. 03763_ Mercenary 1a destroyed. 03763_ Mercenary 1c destroyed. 03764_ Slug penetrates Wall. 03765_ Commando 1a destroyed. 03767_ Lgt. Armor Plating destroyed. 03767_ Dropped Deploy-a-Sentry. 03769_ DAS Turret deployed. 03769_ Destroyed Shock Absorption System. 03769_ D-53 Grenadier knocked back. 03770_ Destroyed Mni. Grenade Launcher. 03770_ D-53 Grenadier knocked back. 03771_ DAS Turret destroyed. 03774_ The unstable cave ceiling collapses. Map ----- +----------------------------------------------------+ | ??????????????????????????????????????????????? | | ??????????????????????????????????????????????? | | ??????????????????????????????????????????????? | | ??????????????????????????????????????????????? | | ??????????????????????????????????????????????? | | ??????????????????????????????????????????????? | | ??????????????????????????????????????????????? | | ??????????????????????????????????????????????? | | ??????????????????????????????????????????????? | | ??????????????????????????????????????????????? | | ???????????????????????????##?????????????????? | | ??????????????????????????? ?????????????????? | | ??????????????????????????? #?????????????????? | | ???????????????????????????a#?????????????????? | | ????????????????????????##? #?????????????????? | | ????????????????????????? ? #?????????????????? | | ?????????????????????????"#%###???????????????? | | ?????????????????????????"% % ???????????????? | | ?????????????????????????"==% ????????????????? | | ???????????????????????###%[ ###???####???????? | | ????????????